 Dungeon Crawl Stone Soup version 0.32-a0-732-ga344392067 (webtiles) character file.

Game seed: 3150217406478631332

1008 gimp the Chopper (level 8, -15/62 HPs)
             Began as a Coglin Wanderer on Mar 16, 2024.
             Was an Initiate of Trog.
             Demolished by an ogre
             ... wielding a +0 giant spiked club
              (21 damage)
             ... on level 4 of the Dungeon.
             The game lasted 00:06:39 (5792 turns).

gimp the Chopper (Coglin Wanderer)                  Turns: 5792, Time: 00:06:40

Health: -15/62     AC:  8    Str: 12    XL:     8   Next: 20%
Magic:  8/8        EV: 10    Int:  9    God:    Trog [......]
Gold:   294        SH:  0    Dex: 19    Spells: 7/7 levels left

rFire   + . .        a - +0 hand axe {Fatehjeet}
rCold   . . .        e - +0 dagger {Guillermo}
rNeg    . . .        z - +2 ring mail {rF+}
rPois   .            (no helmet)
rElec   .            q - +0 cloak
rCorr   .            (no gloves)
SInv    .            (no boots)
Will    .....        (amulet unavailable)
Stlth   +            (ring unavailable)
HPRegen 0.30/turn    (ring unavailable)
MPRegen 0.11/turn    (no gizmo)

%: no passive effects
@: revving
A: off-hand wielding, slow wielding, warmup strikes, no jewellery
a: Invent Gizmo, Renounce Religion


You were on level 4 of the Dungeon.
You worshipped Trog.
Trog was noncommittal.
You visited 2 branches of the dungeon, and saw 7 of its levels.

You collected 369 gold pieces.
You spent 75 gold pieces at shops.

Inventory:

Hand Weapons
 a - a +0 hand axe (weapon) {Fatehjeet}
 e - a +0 dagger (offhand) {Guillermo}
Armour
 q - a +0 cloak (worn)
 z - a +2 ring mail of fire resistance (worn)
Wands
 t - a wand of charming (3)
 y - a wand of mindburst (13)
Scrolls
 d - a scroll of fog
 f - a scroll of enchant armour {unknown}
 g - 3 scrolls of blinking
 h - a scroll of enchant weapon {unknown}
 i - a scroll of summoning {unknown}
 k - 2 scrolls of teleportation {unknown}
 l - 5 scrolls of identify {unknown}
 n - 3 scrolls of amnesia {unknown}
 o - a scroll of immolation {unknown}
 p - 2 scrolls of fear {unknown}
 u - a scroll of revelation {unknown}
 x - a scroll of poison {unknown}
Potions
 c - a potion of attraction
 j - 2 potions of enlightenment {unknown}
 m - a potion of lignification
 r - a potion of invisibility {unknown}
 s - 2 potions of haste {unknown}
 v - a potion of curing {unknown}
 w - 2 potions of brilliance {unknown}


   Skills:
 - Level 5.0 Fighting
 * Level 7.8 Axes
 - Level 1.7 Throwing
 + Level 2.9 Armour
 - Level 2.6 Dodging


You had 7 spell levels left.
You didn't know any spells.
Your spell library was empty.

Dungeon Overview and Level Annotations

Branches:
Dungeon (6/15)             Temple (1/1) D:5

Altars:
Ashenzari
Cheibriados
Dithmenos
Elyvilon
Fedhas
Gozag
Hepliaklqana
Kikubaaqudgha
Nemelex Xobeh
Ru
Sif Muna
Trog
Uskayaw
Vehumet
Xom
Yredelemnul
Zin
The Shining One

Shops:
D:2 ?   D:4 :


Innate Abilities, Weirdness & Mutations

You can wield a second weapon in your off-hand.
It takes a long time for you to wield or remove held weapons.
Your first few attacks do less damage.
You cannot equip rings or amulets.


Message History

You hit the ice beast with your +0 dagger.
The ice beast is lightly wounded.
You hit the ice beast with your +0 hand axe.
The ice beast hits you but does no damage.
You closely miss the ice beast with your +0 hand axe.
The ice beast is moderately wounded.
You hit the ice beast but do no damage. The ice beast barely misses you.
You hit the ice beast but do no damage.
The ice beast is moderately wounded.
You hit the ice beast with your +0 hand axe.
The ice beast closely misses you.
You hit the ice beast but do no damage.
The ice beast is moderately wounded.
You barely miss the ice beast with your +0 dagger.
The ice beast barely misses you.
You hit the ice beast with your +0 hand axe.
The ice beast is moderately wounded.
You closely miss the ice beast with your +0 dagger.
The ice beast closely misses you.
You hit the ice beast but do no damage.
The ice beast is moderately wounded.
You hit the ice beast but do no damage.
The ice beast hits you but does no damage.
You closely miss the ice beast with your +0 dagger.
The ice beast is moderately wounded.
You closely miss the ice beast with your +0 hand axe.
The ice beast closely misses you.
You hit the ice beast with your +0 hand axe.
The ice beast is heavily wounded.
You hit the ice beast with your +0 dagger.
The ice beast barely misses you.
You hit the ice beast with your +0 hand axe.
The ice beast is severely wounded.
You hit the ice beast but do no damage. The ice beast hits you.
The ice beast freezes you!
You take 14 damage, and have 35/62 hp.
MASSIVE DAMAGE!!
You hit the ice beast but do no damage.
The ice beast is severely wounded.
You hit the ice beast but do no damage.
The ice beast hits you but does no damage.
You hit the ice beast but do no damage.
The ice beast is severely wounded.
You hit the ice beast with your +0 hand axe.
The ice beast hits you but does no damage.
You hit the ice beast but do no damage.
The ice beast is almost dead.
You completely miss the ice beast with your +0 hand axe.
The ice beast hits you but does no damage.
You hit the ice beast with your +0 hand axe.
You kill the ice beast!
Trog accepts your kill.
No target in view!
Search for what [? for help]? body armor
There is an open door here.
There is a stone staircase leading up here.
You climb upwards.
There is a stone staircase leading down here.
There is a stone staircase leading up here.
You climb upwards.
There is a stone staircase leading down here.
HP restored.
There is an open door here.
There is an open door here.
You see here a +2 ring mail of fire resistance.
Health restored: 62
z - a +2 ring mail of fire resistance You start removing your armour.
You continue removing your +2 leather armour. x4
You finish removing your +2 leather armour.
You start putting on your armour.
You continue putting on your +2 ring mail of fire resistance. x5
You finish putting on your +2 ring mail of fire resistance.
You feel resistant to fire.
You drop a +2 leather armour.
There is an open door here.
The ogre shouts!
An ogre is nearby!
An ogre is nearby!
You hit the ogre with your +0 dagger.
The ogre is lightly wounded.
You hit the ogre with your +0 hand axe.
The ogre hits you with a +0 giant spiked club!!
You take 26 damage, and have 36/62 hp.
MASSIVE DAMAGE!!
You hit the ogre with your +0 dagger.
The ogre is moderately wounded.
You hit the ogre with your +0 hand axe. You hit the ogre with your +0 dagger.
The ogre is heavily wounded.
You hit the ogre with your +0 hand axe.
The ogre hits you with a +0 giant spiked club!!
Ouch! That really hurt!
* * * LOW HITPOINT WARNING * * *
You take 31 damage, and have 6/62 hp.
MASSIVE DAMAGE!!
You are too injured to fight recklessly!
You are too injured to fight recklessly!
You hit the ogre with your +0 hand axe.
The ogre is almost dead.
You hit the ogre with your +0 dagger.
The ogre hits you with a +0 giant spiked club!!
You die...

#.......# #........# #.#.###.#
#.(...#..####### #.#.# #.#
#.......)......# #.#.###.#
#.#.####.#####.# #.#..##.# #.#.#
#.# #<##.##.# #.#+####.#
#.......# #........# # ####.####
##.....#### ##.# #..##
##...@O..## #.#.#
#####...####.........####....#
...........'.........'.......###
####....####.........###.......#
#.#.## ##.......## #.#.#...#
#.### ##.....## #.#.#...# #.#
##...## #.#.#...# #.# ##'##
#.#.#...# #.# #.#######.#.#...#


You could see an ogre.

Vanquished Creatures
  An ice beast (D:6)
  An ogre (D:6)
  A phantom (D:5)
  2 scorpions (D:5)
  2 wights (D:6)
  2 bombardier beetles
  A hound (D:5)
  2 jellies (D:5)
  A sleepcap (D:5)
  4 iguanas
  An orc wizard (D:5)
  8 adders
  4 dart slugs
  2 ribbon worms (D:2)
  4 orcs
  4 ball pythons
  4 endoplasms
  A giant cockroach (D:2)
  7 goblins
  9 hobgoblins
  7 jackals
  5 quokkas
  9 bats
  4 frilled lizards
  A kobold (D:2)
  10 rats
97 creatures vanquished.

Vanquished Creatures (collateral kills)
  An adder (D:5)
  A gnoll (D:5)
2 creatures vanquished.

Vanquished Creatures (others)
  A black bear (D:5)
  A wight (D:6)
2 creatures vanquished.

Grand Total: 101 creatures vanquished

Notes
Turn   | Place    | Note
-------+----------+-------------------------------------------
     0 | D:1      | gimp the Coglin Wanderer began the quest for the Orb.
     0 | D:1      | gimp set off with the following items: a +0 hand axe
                  | {Fatehjeet}, a +2 leather armour, a potion of attraction, a
                  | scroll of fog, a +0 dagger {Guillermo}.
     0 | D:1      | Reached XP level 1. HP: 13/13 MP: 1/1
    76 | D:1      | Reached XP level 2. HP: 20/20 MP: 2/2
   168 | D:1      | Reached skill level 1 in Fighting
   273 | D:1      | Reached skill level 3 in Axes
   273 | D:1      | Reached XP level 3. HP: 26/26 MP: 3/3
   925 | D:2      | Reached XP level 4. HP: 30/33 MP: 4/4
   983 | D:2      | Found a faded altar of an unknown god.
  1491 | D:2      | Found Uho Ygil's Magic Scroll Shop.
  1495 | D:2      | Bought a scroll of blinking for 75 gold pieces
  1708 | D:3      | Identified the blade talisman of Uryoruh {Dex+2}
  1755 | D:3      | Reached skill level 4 in Axes
  1846 | D:4      | Found a snail-covered altar of Cheibriados.
  1872 | D:4      | Found a white marble altar of Elyvilon.
  1873 | D:4      | Found a sparkling altar of Nemelex Xobeh.
  1874 | D:4      | Found a shimmering altar of Xom.
  2047 | D:3      | Found a broken altar of Ashenzari.
  2057 | D:3      | Reached XP level 5. HP: 39/39 MP: 5/5
  2421 | D:4      | Found Virgheugg's Book Shop.
  3062 | D:4      | Noticed an ogre
  3122 | D:5      | Entered Level 5 of the Dungeon
  3137 | D:5      | HP: 2/40 [acid (4)]
  3295 | D:5      | Reached skill level 5 in Axes
  3295 | D:5      | Reached XP level 6. HP: 32/47 MP: 6/6
  3883 | D:5      | Reached skill level 6 in Axes
  3883 | D:5      | Reached XP level 7. HP: 36/53 MP: 7/7
  4312 | D:5      | Found a staircase to the Ecumenical Temple.
  4334 | Temple   | Entered the Ecumenical Temple
  4348 | Temple   | Became a worshipper of Trog the Wrathful
  4853 | D:6      | Reached skill level 7 in Axes
  5277 | D:6      | Reached XP level 8. HP: 16/60 MP: 8/8
  5491 | D:6      | Reached skill level 5 in Fighting
  5792 | D:4      | Demolished by an ogre

Illustrated notes

Levels and vault maps discovered:
D:1:      dpeg_arrival_stonehenge_12_columns, layout_basic, st_stairs_13,
          minmay_misc_feat_nine_boxes, minmay_tetromino_i4
D:2:      layout_basic, ebering_ecumenical_altar_ruins, serial_shops,
          nicolae_shop_back_alley_shop
D:3:      kennysheep_big_flooded_room, layout_rooms,
          cheibrodos_ashenzari_chains, minmay_quantized
D:4:      layout_loops_corners, cheibriados_altar_1,
          chequers_temple_overflow_statue_of_worship, serial_shops, shop
D:5:      minmay_octagon_keep, layout_basic, minmay_temple_entry_large_hall
D:6:      layout_basic, serial_shops, kennysheep_mini, serial_park_tiny_pond
Temple:   nicolae_temple_god_jail

Skill      XL: |  1  2  3  4  5  6  7  8 |
---------------+-------------------------+-----
Fighting       | 1 2 3 4 5 |  5.0
Axes           | 3 4 5 6 7 |  7.8
Throwing       | |  1.7
Armour         | |  2.9
Dodging        | |  2.6

Action                     |  1- 3 |  4- 6 |  7- 9 || total
---------------------------+-------+-------+-------++-------
  Melee: Hand axe          |    81 |   160 |   156 ||   397
         Dagger            |    72 |   152 |   152 ||   376
  Evoke: Wand              |       |     1 |     2 ||     3
    Use: Potion            |       |     1 |     3 ||     4
   Stab: Sleeping          |     1 |     3 |     1 ||     5
 Armour: Leather armour    |    43 |    84 |    67 ||   194
         Skin              |       |       |    43 ||    43
         Ring mail         |       |       |     3 ||     3
  Dodge: Dodged            |    57 |    92 |    76 ||   225

Table legend: (Time is in decaauts)
 A = Elapsed time spent in this place.
 B = Non-inter-level travel time spent in this place.
 C = Inter-level travel time spent in this place.
 D = Time resting spent in this place.
 E = Time spent auto-exploring this place.
 F = Levels seen in this place.
 G = Mean time per level.
                   A        B        C        D        E       F      G
               +--------+--------+--------+--------+--------+-----+--------+
         Total |   5802 |   5561 |    241 |    153 |   4427 |   7 |  828.9 |
       Dungeon |   5776 |   5559 |    217 |    153 |   4427 |   6 |  962.7 |
        Temple |     26 |      2 |     24 |      0 |      0 |   1 |   26.0 |
               +--------+--------+--------+--------+--------+-----+--------+

Top non-repeatable levels by time:
     D:5: 1542 daAuts
     D:4: 1103 daAuts
     D:2: 998 daAuts
     D:6: 862 daAuts
     D:1: 681 daAuts
     D:3: 588 daAuts
  Temple: 26 daAuts
